 Dungeon Crawl Stone Soup version 0.28.0-43-g3370ac3207 (webtiles) character file.

Game seed: 3662118922525675665

8 diana the Twirler (level 2, 22/22 HPs)
             Began as a Demonspawn Gladiator on Mar 20, 2022.
             Quit the game on level 1 of the Dungeon.
             The game lasted 00:00:27 (314 turns).

diana the Twirler (Demonspawn Gladiator)             Turns: 314, Time: 00:00:28

Health: 22/22      AC:  4    Str: 14    XL:     2   Next: 0%
Magic:  2/2        EV: 12    Int:  9    God:
Gold:   11         SH:  0    Dex: 14    Spells: 1/1 levels left

rFire   . . .      SeeInvis .   a - +0 quarterstaff
rCold   . . .      Faith    .   (shield currently unavailable)
rNeg    . . .      Spirit   .   b - +0 leather armour
rPois   .          Reflect  .   c - +0 helmet
rElec   .          Harm     .   (no cloak)
rCorr   .          Rampage  .   (no gloves)
Will    .....                   (no boots)
Stlth   +.........              (no amulet)
HPRegen 0.07/turn               (no ring)
MPRegen 0.08/turn               (no ring)

@: no status effects
A: demonic magic 1
a: no special abilities


You were on level 1 of the Dungeon.
You visited 1 branch of the dungeon, and saw 1 of its levels.

You collected 11 gold pieces.

Inventory:

Hand Weapons
 a - a +0 quarterstaff (weapon)
Missiles
 d - 3 throwing nets (quivered)
Armour
 b - a +0 leather armour (worn)
 c - a +0 helmet (worn)
Scrolls
 f - a scroll of identify {unknown}
Potions
 e - a potion of flight {unknown}
 g - a potion of mutation {unknown}


   Skills:
 + Level 2.1 Fighting
 + Level 3.0 Staves
 - Level 1.7 Throwing
 * Level 0.6 Armour
 - Level 2.6 Dodging


You had one spell level left.
You didn't know any spells.
Your spell library was empty.

Dungeon Overview and Level Annotations

Branches:
Dungeon (1/15)

Altars:


Innate Abilities, Weirdness & Mutations

Spells you cast may paralyse adjacent enemies.


Message History

You barely miss the kobold. The kobold hits you but does no damage.
You hit the kobold.
You kill the kobold!
No target in view!
No target in view!
No target in view!
No target in view!
No target in view!
Things that are here:
a +0 dagger; a kobold corpse No target in view!
As you open the door, it creaks loudly!
No target in view!
There is an open door here.
There is a fountain of clear blue water here.
You open the door.
There is an open door here.
A kobold comes into view. It is wielding a +0 short sword.
The kobold shouts!
Found a dagger.
The kobold barely misses you.
An endoplasm comes into view.
There are monsters nearby!
You hit the kobold.
You kill the kobold!
Your Staves skill increases to level 3!
You have reached level 2!
Your demonic ancestry asserts itself...
A menacing aura infuses your magic.
An endoplasm is nearby!
An endoplasm is nearby!
Found 14 gold pieces.
Things that are here:
a +0 short sword; 5 stones Are you sure you want to abandon this character and quit the game? (Confirm with "yes".)
Okay, then.
Unknown command.
Unknown command.
Unknown command.
Unknown command.
Are you sure you want to abandon this character and quit the game? (Confirm with "yes".)

#.# #.# #.#### #.#
#######..... #)#
#........... #.#
#.####.##### # #.#
#..# #..# ###.###.#
####'####.#
........###.......#.#
$....J.@.?#.⌠...⌠.#.#
.....####.#.......#.#
... #.'...⌠..)'.# .
###..[....###
#.⌠...⌠.# #.......#
####+####


You could see an endoplasm.

Vanquished Creatures
  A ball python (D:1)
  A giant cockroach (D:1)
  A hobgoblin (D:1)
  2 frilled lizards (D:1)
  2 kobolds (D:1)
  A rat (D:1)
8 creatures vanquished.

Notes
Turn   | Place    | Note
-------+----------+-------------------------------------------
     0 | D:1      | diana the Demonspawn Gladiator began the quest for the Orb.
     0 | D:1      | Reached XP level 1. HP: 16/16 MP: 1/1
   313 | D:1      | Reached skill level 3 in Staves
   313 | D:1      | Gained mutation: Spells you cast may paralyse adjacent
                  | enemies. [demonic ancestry]
   313 | D:1      | Reached XP level 2. HP: 22/22 MP: 2/2
   314 | D:1      | Quit the game

Illustrated notes

Levels and vault maps discovered:
D:1:      dpeg_arrival_connections, layout_loops_ring, minivault_26,
          minmay_misc_feat_four_crosses, chequers_jeans,
          hangedman_feature_mirror, minmay_fountain_box

Skill      XL: |  1 |
---------------+----+-----
Staves         | 3 |  3.0
Fighting       | |  2.1
Throwing       | |  1.7
Armour         | |  0.6
Dodging        | |  2.6

Action                   || total
-------------------------++-------
Melee: Quarterstaff      ||    17
Armor: Leather armour    ||     6
Dodge: Dodged            ||     9
